 Dungeon Crawl Stone Soup version 0.20.1-1-g8b1a95d66d (webtiles) character file.

99 potatomancer the Conjurer (level 4, -4/33 HPs)
             Began as a Draconian Conjurer on Jan 1, 2018.
             Slain by a crocodile (15 damage)
             ... on level 3 of the Dungeon.
             The game lasted 00:19:40 (2055 turns).

potatomancer the Conjurer (Draconian Conjurer)      Turns: 2055, Time: 00:19:40

Health: -4/33      AC:  8    Str: 10    XL:     4   Next: 45%
Magic:  6/7        EV: 12    Int: 17    God:
Gold:   170        SH:  0    Dex: 11    Spells: 5/8 levels left

rFire    . . .     SeeInvis .   t - staff of poison
rCold    . . .     Gourm    .   (no shield)
rNeg     . . .     Faith    .   (armour unavailable)
rPois    +         Spirit   .   (helmet restricted)
rElec    .         Reflect  .   k - +2 cloak
rCorr    .         Harm     .   (no gloves)
MR       .....                  (no boots)
Stlth    ++........             (no amulet)
Regen    0.2/turn               (no ring)
MPRegen  0.1/turn               (no ring)

@: no status effects
A: unfitting armour, hooves 1, stinger 1, evolution 1, cold-blooded, subdued
magic 1, AC +5
a: no special abilities


You were on level 3 of the Dungeon.
You were not hungry.

You visited 1 branch of the dungeon, and saw 3 of its levels.

You collected 170 gold pieces.

Inventory:

Hand Weapons
 c - a +0 club
 g - a +0 dagger
 i - a +0 dagger of venom
Missiles
 h - 83 stones (quivered)
Armour
 j - a cursed +0 robe
 k - a +2 cloak (worn)
 l - a +0 cloak
Magical Staves
 t - an uncursed staff of poison (weapon)
Scrolls
 d - a scroll of teleportation
 e - a scroll of enchant weapon {unknown}
 f - a scroll of remove curse
 r - 2 scrolls of identify
 u - a scroll of noise {unknown}
Potions
 n - a potion of lignification {unknown}
 o - a potion of cancellation {unknown}
 q - a potion of curing {unknown}
Books
 a - a book of Conjurations

   Spells                             Type                      Level
   a - Magic Dart                     Conjuration                  1
   b - Searing Ray                    Conjuration                  2
   c - Dazzling Spray                 Conjuration/Hexes            3
   d - Fulminant Prism                Conjuration/Hexes            4
   e - Force Lance                    Conjuration/Translocation    4
   f - Iskenderun's Mystic Blast      Conjuration                  4
Comestibles
 b - a bread ration
 m - 3 chunks of flesh
 p - 2 meat rations


   Skills:
 + Level 0.2 Fighting
 - Level 0.4 Short Blades
 + Level 2.2 Dodging
 + Level 2.3 Stealth
 + Level 2.5 Spellcasting
 + Level 5.0 Conjurations
 * Level 0.2 Evocations


You had 5 spell levels left.
You knew the following spells:

 Your Spells              Type           Power        Failure   Level  Hunger
a - Magic Dart            Conj           ##..         1%          1    #......
b - Searing Ray           Conj           ##....       2%          2    ##.....


Dungeon Overview and Level Annotations

Branches:
Dungeon (3/15)

Altars:


Innate Abilities, Weirdness & Mutations

Your plain brown scales are hard. (AC +5)
You cannot fit into any form of body armour.
You are cold-blooded and may be slowed by cold attacks.
You have large cloven feet.
Your tail ends in a poisonous barb.
You evolve.
Your spells are a little easier to cast, but a little less powerful.


Message History

The crocodile bites you!
There is a stone staircase leading up here.
Your surroundings seem slightly different.
Found a stone staircase leading down.
You feel extremely strange.
Your connection to magic feels subdued.
Your feet thicken and deform.
You feel nature experimenting on you.
Don't worry, failures die fast.
A poisonous barb forms on the end of your tail.
Unknown command.
Casting: Magic Dart
Confirm with . or Enter, or press ? or * to list all spells.
Aiming: Magic Dart
Press: ? - help, Shift-Dir - straight line, f/p - crocodile
Aim: a crocodile (lightly wounded)
The magic dart hits the crocodile.
The crocodile is moderately wounded.
You hit the crocodile.
The crocodile is moderately wounded.
The crocodile bites you. The crocodile bites you!
You die...

..... ...# ## #..#
...##..# .....# #..###
########## #.#.).
.........# ##...#.
.......@t#########...##.
............##..........
.........##....<........
....>...........##..###.
.........##...........#.
################........
.......#....
###.#.###...
..##..#.###.#.


You could see a crocodile.

Vanquished Creatures
  Natasha (D:2)
  An adder (D:2)
  An ooze (D:3)
  4 dart slugs
  A leopard gecko (D:3)
  5 giant cockroaches
  5 goblins
  6 hobgoblins
  7 bats
  8 frilled lizards
  10 kobolds
  7 rats
56 creatures vanquished.

Notes
Turn   | Place    | Note
-------+----------+-------------------------------------------
     0 | D:1      | potatomancer the Draconian Conjurer began the quest for the Orb.
     0 | D:1      | Reached XP level 1. HP: 14/14 MP: 3/3
   120 | D:1      | Reached XP level 2. HP: 19/20 MP: 3/5
   859 | D:1      | Reached XP level 3. HP: 12/26 MP: 4/6
   911 | D:1      | Learned a level 2 spell: Searing Ray
  1672 | D:2      | Noticed Natasha
  1688 | D:2      | Killed Natasha
  1688 | D:2      | Reached skill level 5 in Conjurations
  1688 | D:2      | Reached XP level 4. HP: 32/33 MP: 1/7
  2021 | D:3      | Noticed a crocodile
  2053 | D:3      | Gained mutation: Your spells are a little easier to cast, but a little less powerful. [potion of mutation]
  2053 | D:3      | Gained mutation: You have large cloven feet. [potion of mutation]
  2053 | D:3      | Gained mutation: You evolve. [potion of mutation]
  2053 | D:3      | Gained mutation: Your tail ends in a poisonous barb. [potion of mutation]
  2055 | D:3      | Slain by a crocodile

Skill      XL: |  1  2  3 |
---------------+----------+-----
Stealth        | 2 |  2.3
Dodging        | 2 |  2.2
Conjurations   | 5 |  5.0
Fighting       | |  0.2
Short Blades   | |  0.4
Spellcasting   | |  2.5
Evocations     | |  0.2

Action                   |  1- 3 |  4- 6 || total
-------------------------+-------+-------++-------
Melee: Club              |    16 |       ||    16
       Tailslap          |    11 |     6 ||    17
       Dagger            |    75 |    10 ||    85
       Staff             |       |    25 ||    25
 Cast: Magic Dart        |    21 |     6 ||    27
       Searing Ray       |     2 |       ||     2
  Use: Scroll            |       |     3 ||     3
       Potion            |       |     1 ||     1
 Stab: Sleeping          |     3 |       ||     3
  Eat: Chunk             |     3 |     1 ||     4
Armor: Skin              |    30 |    14 ||    44
Dodge: Dodged            |    67 |    23 ||    90
